 Dungeon Crawl Stone Soup version 0.30-a0-137-gd8773701ce (webtiles) character file.

Game seed: 3740146868671224721

111 ytrimaz the Trooper (level 4, -3/37 HPs)
             Began as a Demonspawn Gladiator on Sept 21, 2022.
             Killed from afar by Ijyb (4 damage)
             ... with a puff of flame
             ... on level 3 of the Dungeon.
             The game lasted 00:03:37 (2842 turns).

ytrimaz the Trooper (Demonspawn Gladiator)          Turns: 2842, Time: 00:03:37

Health: -3/37      AC:  4    Str: 16    XL:     4   Next: 62%
Magic:  4/4        EV: 17    Int: 10    God:
Gold:   143        SH:  0    Dex: 14    Spells: 3/3 levels left

rFire   . . .      SeeInvis .    h - +1 executioner's axe (elec)
rCold   . . .      Faith    .    (shield currently unavailable)
rNeg    . . .      Spirit   .    b - +0 leather armour
rPois   .          Reflect  .    c - +0 helmet
rElec   .          Harm     .    (no cloak)
rCorr   .          Rampage  .    (no gloves)
Will    .....                    (no boots)
Stlth   +.........               (no amulet)
HPRegen 0.12/turn                (no ring)
MPRegen 0.09/turn                (no ring)

@: agile
A: powered by pain 1, demonic touch 1
a: no special abilities


You were on level 3 of the Dungeon.
You visited 1 branch of the dungeon, and saw 3 of its levels.

You collected 143 gold pieces.


Innate Abilities, Weirdness & Mutations

You sometimes gain a little power by taking damage.
Your touch may inflict minor irresistible damage on your foes.


   Skills:
 + Level 4.1 Fighting
 * Level 3.6 Axes
 - Level 1.7 Throwing
 - Level 2.6 Dodging


You had 3 spell levels left.
You didn't know any spells.
Your spell library contained the following spells:

 Spells                   Type           Power      Damage    Failure   Level
 Magic Dart               Conj           0%         1d3       43%         1
 Searing Ray              Conj           0%         2d4       56%         2
 Kindle Blastsparks       Fire/Tloc/Air  0%         2d10      80%         3
 Swiftness                Air            0%         N/A       80%         3
 Fulminant Prism          Conj/Hex       0%         3d6       99%         4
 Iskenderun's Mystic Bla  Conj/Tloc      0%         2d3       99%         4
 Petrify                  Tmut/Erth      0%         N/A       99%         4
 Summon Lightning Spire   Summ/Air       0%         N/A       99%         4
 Lee's Rapid Deconstruct  Erth           0%         3d5*      100%        5

Inventory:

Hand Weapons
 a - a +0 war axe
 h - a +1 executioner's axe of electrocution (weapon)
   (You acquired it on level 2 of the Dungeon)
Missiles
 d - 3 throwing nets
 e - a javelin
 m - 5 atropa-tipped darts (quivered)
Armour
 b - a +0 leather armour (worn)
 c - a +0 helmet (worn)
 l - a scarf of shadows
   (You found it on level 2 of the Dungeon)
Scrolls
 i - 3 scrolls of poison
 k - 2 scrolls of teleportation
Potions
 f - a potion of curing {unknown}
 g - a potion of degeneration {unknown}
 j - 2 potions of haste
 n - a potion of mutation {unknown}
 o - 2 potions of heal wounds {unknown}

Dungeon Overview and Level Annotations

Branches:
Dungeon (3/15) Zot: 15095

Altars:
Nemelex Xobeh

Annotations:
D:3 Ijyb

#..#.###### #.##..#.##
#.#......#####
#.#...........
#.#......##.#.
#.###.#.###.## #.##....#
#.# ###########.##..###
#.# g.....g@........#
#.#
###########.............
###########... ####


You could see Ijyb (resistant) and a gnoll (wandering).


Message History

Moving in this stuff is going to be slow.
There is a stone staircase leading up here.
You enter the shallow water.
Moving in this stuff is going to be slow.
A kobold comes into view. It is wielding a +0 dagger.
The kobold shouts!
A kobold is nearby!
A kobold is nearby!
You see here a fizzy coppery potion.
You closely miss the kobold. The kobold hits you but does no damage.
The kobold barely misses you.
You barely miss the kobold. The kobold misses you.
The kobold barely misses you.
You closely miss the kobold.
The kobold hits you with a +0 dagger. 😕 HP[-1]
You take 1 damage, and now have 36/37 hp.
You slice the kobold!!
You kill the kobold!
Things that are here:
a +0 dagger; 3 stones; a kobold corpse
Things that are here:
a +0 dagger; 3 stones; a kobold corpse
o - a fizzy coppery potion 😎 HP[+1]
Your hp is fully restored (37).
Things that are here:
a +0 dagger; 3 stones; a kobold corpse Key pressed, stopping explore.
You now have 143 gold pieces (gained 6).
Found a white marble altar of Elyvilon.
There is a white marble altar of Elyvilon here.
There is a stone staircase leading up here.
You see here a +0 short sword.
Key pressed, stopping explore.
Found a stone staircase leading down.
A rat comes into view.
A rat is nearby!
You barely miss the rat. The rat bites you. x2 😕 HP[-4]
You take 4 damage, and now have 33/37 hp.
You barely miss the rat. The rat bites you but does no damage.
The rat closely misses you.
Unknown command.
You barely miss the rat. The rat barely misses you.
You barely miss the rat. The rat barely misses you.
The rat twitches its whiskers.
The rat bites you. 😕 HP[-1]
You take 1 damage, and now have 32/37 hp.
You slash the rat! Lightning courses through the rat!
You kill the rat!
You see here a rat corpse.
Key pressed, stopping explore.
o - 2 fizzy coppery potions (gained 1) Ijyb the Twisted Goblin comes into view.
She is wielding a +0 club and carrying a wand of flame (22). 😎 HP[+5]
Your hp is fully restored (37).
Ijyb shouts!
Ijyb drinks a potion.
Ijyb suddenly seems more resistant.
Ijyb screams, "Get away!"
Unknown command.
Ijyb zaps a wand.
The puff of flame hits you. 😕 HP[-3]
You take 3 damage, and now have 34/37 hp.
You closely miss Ijyb. Ijyb hits you but does no damage.
You closely miss Ijyb.
Ijyb hits you with a +0 club. x2 😮 HP[-8]
You take 8 damage, and now have 26/37 hp.
MASSIVE DAMAGE!! (PAUSE)
You slash Ijyb! Ijyb hits you with a +0 club.
Ijyb screams, "Me stronger than you!" Ijyb completely misses you. 😮 HP[-2]
You take 2 damage, and now have 24/37 hp.
You hit Ijyb.
Ijyb zaps a wand.
The puff of flame hits you!
* * * LOW HITPOINT WARNING * * *
You focus on the pain.
You feel agile all of a sudden. 😨 HP[-7]
You take 7 damage, and now have 17/37 hp.
You slash Ijyb!
Ijyb zaps a wand.
The puff of flame hits you!
* * * LOW HITPOINT WARNING * * *
Ijyb closely misses you. 😱 HP[-8]
You take 8 damage, and now have 9/37 hp.
MASSIVE DAMAGE!! (PAUSE)
You completely miss Ijyb.
Ijyb zaps a wand.
The puff of flame hits you!
* * * LOW HITPOINT WARNING * * *
A gnoll comes into view. It is wielding a +0 club.
Ijyb zaps a wand.
The puff of flame hits you.
You die...

Skill      XL: |  1  2  3  4 |
---------------+-------------+-----
Axes           | 3 |  3.6
Fighting       | 3 4 |  4.1
Throwing       | |  1.7
Dodging        | |  2.6

Action                   |  1- 3 |  4- 6 || total
-------------------------+-------+-------++-------
Melee: War axe           |    76 |    14 ||    90
       Touch             |     8 |     2 ||    10
       Punch             |     1 |       ||     1
       Executioner's axe |       |    37 ||    37
  Use: Scroll            |     2 |     5 ||     7
 Stab: Sleeping          |     2 |       ||     2
Armor: Leather armour    |    25 |    17 ||    42
Dodge: Dodged            |    50 |    42 ||    92

Levels and vault maps discovered:
D:1:      nagdon_arrival_zigzag_paths, layout_loops_corners, grunt_decor_cap,
          minivault_19
D:2:      minmay_chambers_of_ones, layout_basic,
          ebering_ecumenical_altar_abandoned, basic_altar,
          minmay_split_cup_small, uniq_robin
D:3:      layout_loops_ring, nicolae_elyvilon_peaceful_grove,
          minmay_diced_spiral, uniq_ijyb

Notes
Turn   | Place    | Note
-------+----------+-------------------------------------------
     0 | D:1      | ytrimaz the Demonspawn Gladiator began the quest for the
                  | Orb.
     0 | D:1      | Reached XP level 1. HP: 16/16 MP: 1/1
     0 | D:1      | magus.rc [v1.9.6]
   317 | D:1      | Gained mutation: Your touch may inflict minor irresistible
                  | damage on your foes. [demonic ancestry]
   317 | D:1      | Reached XP level 2. HP: 21/23 MP: 2/2
   660 | D:1      | Reached skill level 3 in Axes
   929 | D:1      | You pick up a book of Conjurations and begin reading...
   929 | D:1      | You add the spells Magic Dart, Searing Ray and Fulminant
                  | Prism to your library.
  1006 | D:1      | Reached skill level 3 in Fighting
  1381 | D:2      | Noticed Robin
  1383 | D:2      | Gained mutation: You sometimes gain a little power by
                  | taking damage. [demonic ancestry]
  1383 | D:2      | Reached XP level 3. HP: 27/29 MP: 3/3
  1611 | D:2      | Killed Robin
  1722 | D:2      | Found a faded altar of an unknown god.
  1739 | D:2      | Found a sparkling altar of Nemelex Xobeh.
  1754 | D:2      | You add the spells Swiftness, Summon Lightning Spire and
                  | Petrify to your library.
  1754 | D:2      | Got the Book of Weather and Excavation
  1837 | D:2      | Reached XP level 4. HP: 33/37 MP: 4/4
  1937 | D:2      | Identified a scroll of acquirement
  1937 | D:2      | Acquired a +1 executioner's axe of electrocution
  2097 | D:2      | You pick up a book of Blasting and begin reading...
  2097 | D:2      | You add the spells Kindle Blastsparks, Iskenderun's Mystic
                  | Blast and Lee's Rapid Deconstruction to your library.
  2402 | D:2      | Reached skill level 4 in Fighting
  2832 | D:3      | Noticed Ijyb
  2841 | D:3      | HP: 9/37 [Ijyb/puff of flame (8)]
  2842 | D:3      | HP: 1/37 [Ijyb/puff of flame (8)]
  2842 | D:3      | Killed from afar by Ijyb

Vanquished Creatures
  Robin (D:2)
  An adder (D:3)
  2 gnolls
  5 dart slugs
  2 ball pythons (D:1)
  4 endoplasms
  3 giant cockroaches
  12 goblins
  7 hobgoblins
  4 jackals (D:2)
  6 kobolds
  4 bats (D:2)
  A frilled lizard (D:1)
  5 rats
57 creatures vanquished.

Table legend:
 A = Non-vault XP
 B = Vault XP
 C = Vault XP percentage of total XP
 D = Non-vault monster count
 E = Vault monster count
 F = Vault count percentage of total count
                 A         B        C        D         E       F
            +---------+---------+-------+---------+---------+-------
      Total |     105 |      54 |  34.0 |      41 |      16 |  28.1
            +---------+---------+-------+---------+---------+-------
        D:1 |      36 |       2 |   5.3 |      18 |       1 |   5.3
        D:2 |      37 |      52 |  58.4 |      18 |      15 |  45.5
        D:3 |      32 |       0 |   0.0 |       5 |       0 |   0.0
            +---------+---------+-------+---------+---------+-------

Illustrated notes

Table legend:
 A = Kills in this place as a percentage of kills in entire the game.
 B = Kills by you in this place as a percentage of kills by you in the entire game.
 C = Kills by friends in this place as a percentage of kills by friends in the entire game.
 D = Other kills in this place as a percentage of other kills in the entire game.
 E = Experience gained in this place as a percentage of experience gained in the entire game.
 F = Experience gained in this place divided by the number of levels of this place that you have seen.
                   A       B       C       D       E      F
               +-------+-------+-------+-------+-------+----------------------
         Total | 100.0 | 100.0 |   N/A |   N/A | 100.0 |  53.0
       Dungeon | 100.0 | 100.0 |   N/A |   N/A | 100.0 |  53.0
               +-------+-------+-------+-------+-------+----------------------

Table legend: (Time is in decaauts)
 A = Elapsed time spent in this place.
 B = Non-inter-level travel time spent in this place.
 C = Inter-level travel time spent in this place.
 D = Time resting spent in this place.
 E = Time spent auto-exploring this place.
 F = Levels seen in this place.
 G = Mean time per level.
                   A        B        C        D        E       F      G
               +--------+--------+--------+--------+--------+-----+--------+
         Total |   2902 |   2752 |    150 |    230 |   2015 |   3 |  967.3 |
       Dungeon |   2902 |   2752 |    150 |    230 |   2015 |   3 |  967.3 |
               +--------+--------+--------+--------+--------+-----+--------+

Top non-repeatable levels by time:
     D:1: 1593 daAuts
     D:2: 991 daAuts
     D:3: 318 daAuts
